SL
CHICAGO GOLD SOX @ RICHARDSON CITY THUNDERCATS
06/09/2032
 
TOP OF THE 1ST
Chicago Gold Sox batting - Pitching for Richardson City Thundercats : LHP Bartolomeu Lio
Pitching: LHP Bartolomeu Lio
Batting: LHB Noel Ballard 0-0: Called Strike
0-1: Fly out, F7 (Flyball, 7)
Batting: RHB Jeb Sexton 0-0: Called Strike
0-1: Ball
1-1: Swinging Strike
1-2: Ball
2-2: Ball
3-2: Foul Ball, location: 2F
3-2: Foul Ball, location: 2F
3-2: Ground out 5-3 (Groundball, 56)
Batting: RHB Norman Winston 0-0: Foul Ball, location: 2F
0-1: Swinging Strike
0-2: Ball
1-2: Fly out, F8 (Flyball, 8RD)
Top of the 1st over - 0 runs, 0 hits, 0 errors, 0 left on base; Chicago 0 - Richardson City 0
BOTTOM OF THE 1ST
Richardson City Thundercats batting - Pitching for Chicago Gold Sox : RHP Tony Alfonso
Pitching: RHP Tony Alfonso
Batting: LHB Eduardo Álvarez 0-0: Called Strike
0-1: Ball
1-1: Called Strike
1-2: Strikes out swinging
Batting: SHB Mitch Qualtrough 0-0: Foul Ball, location: 2F
0-1: Foul Ball, location: 2F
0-2: Strikes out swinging
Batting: RHB Anselmo Berneu 0-0: Ball
1-0: Foul Ball, location: 2F
1-1: Ball
2-1: Foul Ball, location: 2F
2-2: Ball
3-2: SOLO HOME RUN (Flyball, 78XD), Distance : 401 ft
Batting: RHB Alfredo Pizarro 0-0: Called Strike
0-1: Called Strike
0-2: Foul Ball, location: 2F
0-2: Ball
1-2: Foul Ball, location: 2F
1-2: Ball
2-2: Foul Ball, location: 2F
2-2: Foul Ball, location: 2F
2-2: Strikes out swinging
Bottom of the 1st over - 1 run, 1 hit, 0 errors, 0 left on base; Chicago 0 - Richardson City 1
TOP OF THE 2ND
Chicago Gold Sox batting - Pitching for Richardson City Thundercats : LHP Bartolomeu Lio
Batting: RHB Zeus Preckwinkle 0-0: Ball
1-0: Ball
2-0: Called Strike
2-1: Ball
3-1: Fly out, F8 (Flyball, 8LD)
Batting: SHB Lupo Cotto 0-0: Ball
1-0: Ball
2-0: Swinging Strike
2-1: Fly out, F7 (Flyball, 7LS)
Batting: LHB Shigenobu Ohayashi 0-0: Ball
1-0: Swinging Strike
1-1: Foul Ball, location: 2F
1-2: Ball
2-2: SINGLE (Groundball, 15) (infield hit)
Batting: RHB Jorge Baker 0-0: Ball
1-0: Swinging Strike
1-1: Ball
2-1: Called Strike
2-2: Ball
3-2: Base on Balls
Shigenobu Ohayashi to second
Batting: LHB Sergio Rodríguez 0-0: Ball
1-0: Ball
2-0: Ball
3-0: Foul Ball, location: 2F
3-1: SINGLE (Flyball, 78S)
Shigenobu Ohayashi to third
Jorge Baker to second
Runner from 3rd tries for Home, SAFE, throw made home
Batting: RHB Gomez Talone 0-0: Ball
1-0: Called Strike
1-1: Swinging Strike
1-2: Strikes out swinging
Top of the 2nd over - 1 run, 2 hits, 0 errors, 2 left on base; Chicago 1 - Richardson City 1
BOTTOM OF THE 2ND
Richardson City Thundercats batting - Pitching for Chicago Gold Sox : RHP Tony Alfonso
Batting: LHB Ashley Thachi 0-0: Ground out 4-3 (Groundball, 4M)
Batting: RHB Tomás Martínez 0-0: Foul Ball, location: 2F
0-1: Ball
1-1: Fly out, F7 (Flyball, 7LMF)
Batting: RHB Felipe Campos 0-0: Called Strike
0-1: Foul Ball, location: 2F
0-2: Ball
1-2: Ball
2-2: Ball
3-2: Base on Balls
Batting: LHB Juan Macíel 0-0: Called Strike
0-1: Ball
1-1: Ball
2-1: Ground out 6-3 (Groundball, 6MS)
Bottom of the 2nd over - 0 runs, 0 hits, 0 errors, 1 left on base; Chicago 1 - Richardson City 1
TOP OF THE 3RD
Chicago Gold Sox batting - Pitching for Richardson City Thundercats : LHP Bartolomeu Lio
Batting: LHB Noel Ballard 0-0: Ball
1-0: Ball
2-0: Ball
3-0: Called Strike
3-1: Foul Ball, location: 2F
3-2: Base on Balls
Batting: RHB Jeb Sexton 0-0: Ball
1-0: Ball
2-0: Called Strike
2-1: SINGLE (Flyball, 7S)
Noel Ballard to second
Batting: RHB Norman Winston 0-0: Ball
1-0: Ball
2-0: Ground out 4-3 (Groundball, 4S)
Noel Ballard to third
Jeb Sexton to second
Batting: RHB Zeus Preckwinkle 0-0: Swinging Strike
0-1: Ball
1-1: Foul Ball, location: 2F
1-2: Ball
2-2: Foul Ball, location: 2F
2-2: Strikes out swinging
Batting: SHB Lupo Cotto 0-0: Called Strike
0-1: Called Strike
0-2: Ball
1-2: Ball
2-2: SINGLE (Flyball, 7S)
Noel Ballard scores
Jeb Sexton to third
Runner from 3rd tries for Home, throw and OUT!
Top of the 3rd over - 1 run, 2 hits, 0 errors, 1 left on base; Chicago 2 - Richardson City 1
BOTTOM OF THE 3RD
Richardson City Thundercats batting - Pitching for Chicago Gold Sox : RHP Tony Alfonso
Batting: LHB Jorge Flores 0-0: Ball
1-0: Foul Ball, location: 2F
1-1: Fly out, F9 (Flyball, 9D)
Batting: LHB Eduardo Álvarez 0-0: Swinging Strike
0-1: Swinging Strike
0-2: Foul Ball, location: 2F
0-2: Strikes out looking
Batting: SHB Mitch Qualtrough 0-0: Ball
1-0: Ground out 3-1 (Groundball, 34S)
Bottom of the 3rd over - 0 runs, 0 hits, 0 errors, 0 left on base; Chicago 2 - Richardson City 1
TOP OF THE 4TH
Chicago Gold Sox batting - Pitching for Richardson City Thundercats : LHP Bartolomeu Lio
Batting: LHB Shigenobu Ohayashi 0-0: Ball
1-0: Ball
2-0: Called Strike
2-1: Swinging Strike
2-2: Ball
3-2: SINGLE (Groundball, 34D)
Batting: RHB Jorge Baker 0-0: Ball
1-0: Called Strike
1-1: Grounds into double play, 6-4-3 (Groundball, 6)
Batting: LHB Sergio Rodríguez 0-0: Foul Ball, location: 2F
0-1: Swinging Strike
0-2: Ball
1-2: Foul Ball, location: 2F
1-2: Foul Ball, location: 2F
1-2: Ground out 3-1 (Groundball, 34)
Top of the 4th over - 0 runs, 1 hit, 0 errors, 0 left on base; Chicago 2 - Richardson City 1
BOTTOM OF THE 4TH
Richardson City Thundercats batting - Pitching for Chicago Gold Sox : RHP Tony Alfonso
Batting: RHB Anselmo Berneu 0-0: Foul Ball, location: 2F
0-1: Called Strike
0-2: Ball
1-2: Ball
2-2: Strikes out looking
Batting: RHB Alfredo Pizarro 0-0: Ball
1-0: Swinging Strike
1-1: Called Strike
1-2: Foul Ball, location: 2F
1-2: Ball
2-2: Ball
3-2: Base on Balls
Batting: LHB Ashley Thachi 0-0: Ball
1-0: Ball
2-0: Ball
3-0: Base on Balls
Alfredo Pizarro to second
Batting: RHB Tomás Martínez 0-0: Ball
1-0: Ball
2-0: Foul Ball, location: 2F
2-1: Foul Ball, location: 2F
2-2: Strikes out swinging
Batting: RHB Felipe Campos 0-0: Ball
1-0: Foul Ball, location: 2F
1-1: Fielders Choice at 2nd, 6-4 (Groundball, 6)
Bottom of the 4th over - 0 runs, 0 hits, 0 errors, 2 left on base; Chicago 2 - Richardson City 1
TOP OF THE 5TH
Chicago Gold Sox batting - Pitching for Richardson City Thundercats : LHP Bartolomeu Lio
Batting: RHB Gomez Talone 0-0: Ball
1-0: Ball
2-0: Fly out, F9 (Flyball, 9S)
Batting: LHB Noel Ballard 0-0: Foul Ball, location: 2F
0-1: Swinging Strike
0-2: Ball
1-2: Ball
2-2: Ball
3-2: SINGLE (Line Drive, 78M)
Batting: RHB Jeb Sexton 0-0: Ball
1-0: Fly out, F8 (Line Drive, 8LD)
Batting: RHB Norman Winston 0-0: Foul Ball, location: 2F
0-1: Ball
1-1: Ball
2-1: DOUBLE (Line Drive, 8LD)
Noel Ballard to third
Runner from 3rd tries for Home, SAFE, throw made at trailing runner, OUT at third!
Top of the 5th over - 1 run, 2 hits, 0 errors, 0 left on base; Chicago 3 - Richardson City 1
BOTTOM OF THE 5TH
Richardson City Thundercats batting - Pitching for Chicago Gold Sox : RHP Tony Alfonso
Batting: LHB Juan Macíel 0-0: Called Strike
0-1: Ball
1-1: Ball
2-1: Ball
3-1: Called Strike
3-2: Base on Balls
Batting: LHB Jorge Flores 0-0: Ball
1-0: Ball
2-0: Ball
3-0: Base on Balls
Juan Macíel to second
Batting: LHB Eduardo Álvarez 0-0: Foul Ball, location: 2F
0-1: Ball
1-1: Ball
2-1: Foul Ball, location: 2F
2-2: Ball
3-2: Strikes out looking
Batting: SHB Mitch Qualtrough 0-0: Ball
1-0: Grounds into double play, 4-6-3 (Groundball, 4)
Bottom of the 5th over - 0 runs, 0 hits, 0 errors, 1 left on base; Chicago 3 - Richardson City 1
TOP OF THE 6TH
Chicago Gold Sox batting - Pitching for Richardson City Thundercats : LHP Bartolomeu Lio
Batting: RHB Zeus Preckwinkle 0-0: Ball
1-0: Called Strike
1-1: Called Strike
1-2: Strikes out looking
Batting: SHB Lupo Cotto 0-0: Called Strike
0-1: Ball
1-1: Called Strike
1-2: SINGLE (Groundball, 6MD)
Pitching: RHP Weston Fisher
Batting: LHB Shigenobu Ohayashi 0-0: Ball
1-0: Foul Ball, location: 2F
1-1: Fielders Choice at 2nd, 4-6 (Groundball, 4)
Batting: RHB Jorge Baker 0-0: Ball
1-0: Reached on error, E4 (Groundball, 4)
Shigenobu Ohayashi to third
Batting: LHB Sergio Rodríguez 0-0: Swinging Strike
0-1: Ball
1-1: Foul Ball, location: 2F
1-2: Foul Ball, location: 2F
1-2: Strikes out swinging
Top of the 6th over - 0 runs, 1 hit, 1 error, 2 left on base; Chicago 3 - Richardson City 1
BOTTOM OF THE 6TH
Richardson City Thundercats batting - Pitching for Chicago Gold Sox : RHP Tony Alfonso
Batting: RHB Anselmo Berneu 0-0: Fly out, F8 (Flyball, 8LXD)
Batting: RHB Alfredo Pizarro 0-0: SOLO HOME RUN (Flyball, 7D), Distance : 362 ft
Batting: LHB Ashley Thachi 0-0: Ball
1-0: Hit by Pitch, AND HE CHARGES THE MOUND! The benches clear!
Pitching: RHP Bruce Wright
Pinch Runner at 1st Louis Gibbons:
Batting: RHB Tomás Martínez 0-0: Called Strike
0-1: Swinging Strike
0-2: SINGLE (Groundball, 6D)
Louis Gibbons to second
Batting: RHB Felipe Campos 0-0: Ball
1-0: Ground out 6-3 (Groundball, 6S)
Louis Gibbons to third
Tomás Martínez to second
Batting: LHB Juan Macíel 0-0: Ball
1-0: Called Strike
1-1: Fly out, F6 (Line Drive, 6M)
Bottom of the 6th over - 1 run, 2 hits, 0 errors, 2 left on base; Chicago 3 - Richardson City 2
TOP OF THE 7TH
Chicago Gold Sox batting - Pitching for Richardson City Thundercats : RHP Weston Fisher
Now at 3B: Louis Gibbons
Batting: RHB Gomez Talone 0-0: Foul Ball, location: 2F
0-1: Ball
1-1: Fly out, F9 (Flyball, 9)
Batting: LHB Noel Ballard 0-0: Ball
1-0: Ball
2-0: SINGLE (Groundball, 4M) (infield hit)
Pinch Runner at 1st Daniel Bertrand:
Batting: RHB Jeb Sexton 0-0: Ball
Daniel Bertrand steals 2nd base
1-0: Foul Ball, location: 2F
1-1: Foul Ball, location: 2F
1-2: Strikes out swinging
Batting: RHB Norman Winston 0-0: Ball
1-0: Called Strike
1-1: Swinging Strike
1-2: Ball
2-2: Strikes out swinging
Top of the 7th over - 0 runs, 1 hit, 0 errors, 1 left on base; Chicago 3 - Richardson City 2
BOTTOM OF THE 7TH
Richardson City Thundercats batting - Pitching for Chicago Gold Sox : RHP Bruce Wright
Now in RF: Daniel Bertrand
Batting: LHB Jorge Flores 0-0: Ball
1-0: Swinging Strike
1-1: Ball
2-1: Ball
3-1: Base on Balls
Batting: LHB Eduardo Álvarez 0-0: SINGLE (Groundball, 4MD)
Jorge Flores to second
Batting: SHB Mitch Qualtrough 0-0: Called Strike
0-1: Bunted foul
0-2: Fielders Choice at 2nd, 6-4 (Groundball, 6)
Jorge Flores to third
Batting: RHB Anselmo Berneu 0-0: Foul Ball, location: 2F
0-1: Ball
1-1: Ball
2-1: Swinging Strike
2-2: Fly out, F9 (Flyball, 89S)
Batting: RHB Alfredo Pizarro 0-0: Foul Ball, location: 2F
0-1: Ball
1-1: Ball
2-1: 3-RUN HOME RUN (Flyball, 7LD), Distance : 357 ft
Pitching: LHP Esteban Jiménez
Batting: RHB Louis Gibbons 0-0: Ground out 4-3 (Groundball, 4)
Bottom of the 7th over - 3 runs, 2 hits, 0 errors, 0 left on base; Chicago 3 - Richardson City 5
TOP OF THE 8TH
Chicago Gold Sox batting - Pitching for Richardson City Thundercats : RHP Weston Fisher
Batting: RHB Zeus Preckwinkle 0-0: Ball
1-0: Ground out 6-3 (Groundball, 6)
Batting: SHB Lupo Cotto 0-0: Swinging Strike
0-1: Ball
1-1: Foul Ball, location: 2F
1-2: Fly out, F7 (Flyball, 7D)
Batting: LHB Shigenobu Ohayashi 0-0: Fly out, F9 (Flyball, 9)
Top of the 8th over - 0 runs, 0 hits, 0 errors, 0 left on base; Chicago 3 - Richardson City 5
BOTTOM OF THE 8TH
Richardson City Thundercats batting - Pitching for Chicago Gold Sox : LHP Esteban Jiménez
Pitching: LHP Dan Crowder
Batting: RHB Tomás Martínez 0-0: Called Strike
0-1: Ball
1-1: Ball
2-1: Ball
3-1: Foul Ball, location: 2F
3-2: SINGLE (Groundball, 56D)
Batting: RHB Felipe Campos 0-0: Ball
1-0: Sac Bunt - play at first, batter OUT! 1-4
Tomás Martínez to second
Batting: LHB Juan Macíel 0-0: Intentional Walk
Batting: LHB Jorge Flores 0-0: Ball
1-0: Foul Ball, location: 2F
1-1: Foul Ball, location: 2F
1-2: Strikes out swinging
Batting: LHB Eduardo Álvarez 0-0: Foul Ball, location: 2F
0-1: Foul Ball, location: 2F
0-2: Ball
1-2: Ball
2-2: Ground out 4-3 (Groundball, 4)
Bottom of the 8th over - 0 runs, 1 hit, 0 errors, 2 left on base; Chicago 3 - Richardson City 5
TOP OF THE 9TH
Chicago Gold Sox batting - Pitching for Richardson City Thundercats : RHP Weston Fisher
Batting: RHB Jorge Baker 0-0: Called Strike
0-1: Ball
1-1: Fly out, F4 (Line Drive, 34D)
Batting: LHB Sergio Rodríguez 0-0: Called Strike
0-1: Fly out, F5 (Flyball, 5D)
Batting: RHB Gomez Talone 0-0: Ball
1-0: Ground out 1-3 (Groundball, 13)
Top of the 9th over - 0 runs, 0 hits, 0 errors, 0 left on base; Chicago 3 - Richardson City 5
Wednesday, September 19th, 2018 - OOTP Baseball 18.8 Build 76